 Dungeon Crawl Stone Soup version 0.23.2-1-ga50397a (webtiles) character file.

Game seed: 754723849515796431

933 Fortress the Tainter (level 8, 0/62 HPs)
             Began as a Naga Venom Mage on June 2, 2019.
             Succumbed to a kobold's poison
             ... on level 5 of the Dungeon.
             The game lasted 00:44:24 (6450 turns).

Fortress the Tainter (Naga Venom Mage)              Turns: 6450, Time: 00:44:25

Health: 0/62       AC:  5    Str: 10    XL:     8   Next: 11%
Magic:  0/11       EV: 10    Int: 19    God:
Gold:   135        SH:  0    Dex: 11    Spells: 10/11 levels left

rFire    . . .     SeeInvis +   a - +0 short sword (elec)
rCold    . . .     Gourm    .   (no shield)
rNeg     . . .     Faith    .   y - +1 robe "Zomuynowk" {rPois MR+}
rPois    +         Spirit   .   (no helmet)
rElec    .         Reflect  .   (no cloak)
rCorr    .         Harm     .   s - +0 pair of gloves
MR       ++...                  (no barding)
Stlth    +++.......             (no amulet)
HPRegen  0.20/turn              e - ring of wizardry
MPRegen  0.12/turn              (no ring)

@: lethally poisoned (0 -> -1), short of breath, very slow
A: large, see invisible, deformed body, poison resistance, slowness 2, slow
metabolism 1, spit poison 1, AC +2
a: Spit Poison


You were on level 5 of the Dungeon.
You were hungry.

You visited 1 branch of the dungeon, and saw 6 of its levels.

You collected 174 gold pieces.
You spent 39 gold pieces at shops.

Inventory:

Hand Weapons
 a - a +0 short sword of electrocution (weapon)
 b - a +3 shortbow
 i - a +1 mace of holy wrath
 t - a +2 dagger of holy wrath
Missiles
 d - 41 arrows (quivered)
 f - 19 bolts
Armour
 s - a +0 pair of gloves (worn)
 y - the +1 robe "Zomuynowk" (worn) {rPois MR+}
   (You found it on level 4 of the Dungeon)

   It protects you from poison.
   It affects your resistance to hostile enchantments.
Jewellery
 e - a ring of wizardry (left hand)
 h - an uncursed ring of protection from magic {unknown}
 m - an uncursed amulet of guardian spirit
 x - an uncursed ring of fire {unknown}
Wands
 w - a wand of iceblast (10)
Scrolls
 k - 2 scrolls of remove curse
 n - 3 scrolls of fear {unknown}
 r - a scroll of enchant weapon {unknown}
 u - a scroll of random uselessness {unknown}
 v - 2 scrolls of amnesia {unknown}
Potions
 o - 2 potions of resistance
 q - a potion of magic {unknown}
Comestibles
 c - 3 rations
 g - 3 chunks of flesh


   Skills:
 * Level 0.1 Fighting
 - Level 5.0 Short Blades
 + Level 0.6 Bows
 - Level 1.5 Dodging
 + Level 6.5 Stealth
 - Level 2.0 Spellcasting
 + Level 2.8 Conjurations
 + Level 8.3 Poison Magic


You had 10 spell levels left.
You knew the following spells:

 Your Spells              Type           Power        Failure   Level  Hunger
a - Sting                 Conj/Pois      ###.         1%          1    #......

Your spell library contained the following spells:

 Spells                   Type           Power        Failure   Level  Hunger
 Poisonous Vapours        Pois/Air       ###...       1%          2    ###....
 Magic Dart               Conj           ##..         2%          1    #......
 Olgreb's Toxic Radiance  Pois           ####....     2%          4    #####..
 Mephitic Cloud           Conj/Pois/Air  ###.....     4%          3    ###....
 Blink                    Tloc           N/A          11%         2    ###....
 Call Imp                 Summ           #.......     11%         2    ###....
 Slow                     Hex            #.......     11%         2    ###....
 Conjure Flame            Conj/Fire      #.......     12%         3    ###....
 Venom Bolt               Conj/Pois      ###.......   19%         5    ######.


Dungeon Overview and Level Annotations

Branches:
Dungeon (6/15)
 Temple: D:4-7

Altars:
Nemelex Xobeh
Okawaru
Trog
The Shining One

Shops:
D:4 *


Innate Abilities, Weirdness & Mutations

You cannot wear boots.
Your serpentine skin is tough. (AC +2)
You have supernaturally acute eyesight. (SInv)
Armour fits poorly on your strangely shaped body.
Your system is resistant to poisons. (rPois)
You cover ground very slowly.
You have a slow metabolism.
You can spit poison.


Message History

Casting: Sting (safe; 1% risk of failure)
Confirm with . or Enter, or press ? or * to list all spells.
Aiming: Sting (safe; 1% risk of failure)
Press: ? - help, Shift-Dir - straight line, f - hobgoblin
Aim: a hobgoblin The sting hits the hobgoblin.
You kill the hobgoblin!
The gnoll hits you from afar with a +0 spear.
* * * LOW HITPOINT WARNING * * *
The gnoll hits you from afar with a +0 spear.
* * * LOW HITPOINT WARNING * * *
Casting: Sting (safe; 1% risk of failure)
Confirm with . or Enter, or press ? or * to list all spells.
You don't have enough magic to cast that spell.
Press: ? - help, Shift-Dir - straight line, f - gnoll
Aim: a gnoll, wielding a +0 spear The splash of poison hits the gnoll!
The gnoll is poisoned.
The gnoll is severely wounded.
You feel slightly more hungry.
You die...

.............†...........
.........................
≈≈.≈≈.≈≈≈≈.≈.≈≈...≈≈≈≈≈.≈
≈≈≈≈≈≈≈≈≈≈≈≈≈≈≈≈≈≈≈≈≈≈≈≈≈
≈≈≈≈≈≈≈≈≈≈≈≈≈≈≈≈≈≈≈≈≈≈≈≈≈
≈≈≈≈≈≈≈≈≈≈≈≈≈≈≈≈≈≈≈≈#####
#####################
...#.....## ##(.....#
..)'......###(.(@)..#
####.......#....$)..##
)).........#.....gg..)(#
())........'...........#
...........#........g.(#
####)......#........##'#
...).)....###.(.....# $
...#)....## ##.....(#
########## ########


You could see 3 gnolls.

Vanquished Creatures
  2 sky beasts
  2 ogres (D:4)
  A centaur (D:5)
  A crimson imp (D:5)
  2 hounds (D:4)
  Terence (D:3)
  A worker ant (D:4)
  8 gnolls (D:5)
  8 adders
  An ooze (D:2)
  An adder zombie (D:5)
  6 worms
  4 dart slugs
  A leopard gecko (D:1)
  8 orcs
  4 ball pythons
  10 bats
  7 giant cockroaches
  41 goblins
  23 hobgoblins
  12 jackals
  8 kobolds
  2 quokkas (D:5)
  A frilled lizard (D:1)
  A leopard gecko skeleton (D:4)
  A leopard gecko zombie (D:5)
  10 rats
167 creatures vanquished.

Notes
Turn   | Place    | Note
-------+----------+-------------------------------------------
     0 | D:1      | Fortress the Naga Venom Mage began the quest for the Orb.
     0 | D:1      | Reached XP level 1. HP: 15/15 MP: 3/3
   268 | D:1      | Reached XP level 2. HP: 22/22 MP: 3/5
   701 | D:1      | Reached skill level 5 in Poison Magic
   881 | D:1      | Reached XP level 3. HP: 28/28 MP: 4/6
  1534 | D:2      | Found a bloodstained altar of Trog.
  1655 | D:3      | Reached skill level 6 in Poison Magic
  1655 | D:3      | Reached XP level 4. HP: 30/36 MP: 4/7
  2040 | D:2      | Found a glowing golden altar of the Shining One.
  2709 | D:2      | Reached skill level 1 in Short Blades
  2709 | D:2      | Reached XP level 5. HP: 36/42 MP: 5/8
  2852 | D:3      | Found a sparkling altar of Nemelex Xobeh.
  2921 | D:3      | Noticed Terence
  2928 | D:3      | Killed Terence
  3414 | D:4      | Noticed an ogre
  3746 | D:4      | Found Dyogeahu's General Store.
  3754 | D:4      | Bought a scroll of noise for 13 gold pieces
  3754 | D:4      | Bought a scroll of identify for 26 gold pieces
  3778 | D:4      | Noticed an ogre
  3788 | D:4      | Killed an ogre
  3788 | D:4      | Reached skill level 5 in Stealth
  3788 | D:4      | Reached skill level 7 in Poison Magic
  3788 | D:4      | Reached XP level 6. HP: 49/49 MP: 6/9
  3800 | D:5      | Entered Level 5 of the Dungeon
  4195 | D:4      | Reached XP level 7. HP: 54/55 MP: 6/10
  4705 | D:4      | Got a shadowed robe
  4720 | D:4      | Identified the +1 robe "Zomuynowk" {rPois MR+} (You found
                  | it on level 4 of the Dungeon)
  5203 | D:6      | Reached skill level 8 in Poison Magic
  5298 | D:5      | Found an iron altar of Okawaru.
  5848 | D:5      | Reached XP level 8. HP: 35/62 MP: 6/11
  6355 | D:5      | Reached skill level 5 in Short Blades
  6449 | D:5      | HP: 1/62 [gnoll/+0 spear (3)]
  6450 | D:5      | Succumbed to a kobold's poison

Skill      XL: |  1  2  3  4  5  6  7  8 |
---------------+-------------------------+-----
Poison Magic   | 5 6 7 8 |  8.3
Stealth        | 4 5 6 |  6.5
Short Blades   | 1 2 3 4 5 |  5.0
Conjurations   | 2 |  2.8
Fighting       | |  0.1
Bows           | |  0.6
Dodging        | |  1.5
Spellcasting   | |  2.0

Action                   |  1- 3 |  4- 6 |  7- 9 || total
-------------------------+-------+-------+-------++-------
Melee: Unarmed           |    31 |       |       ||    31
       Dagger            |     1 |       |       ||     1
       Short sword       |    25 |    87 |   142 ||   254
       Shortbow          |       |       |     1 ||     1
 Fire: Shortbow          |       |       |    17 ||    17
 Cast: Sting             |    44 |    66 |    67 ||   177
 Abil: Spit Poison       |       |       |     1 ||     1
  Use: Scroll            |       |     3 |     2 ||     5
 Stab: Sleeping          |     1 |       |     6 ||     7
  Eat: Chunk             |     2 |     8 |     3 ||    13
       Ration            |       |       |     1 ||     1
Armor: Robe              |    23 |    14 |    60 ||    97
Dodge: Dodged            |    51 |    36 |   106 ||   193
